 Dungeon Crawl Stone Soup version 0.20.0-15-g7f486f2 (webtiles) character file.

1222 galech the Slasher (level 8, -3/68 HPs)
             Began as a Minotaur Fighter on June 30, 2017.
             Was an Initiate of Okawaru.
             Slain by a sky beast (5 damage)
             ... on level 5 of the Dungeon.
             The game lasted 00:08:39 (4165 turns).

galech the Slasher (Minotaur Fighter)               Turns: 4165, Time: 00:08:39

Health: -3/68      AC:  9    Str: 23    XL:     8   Next: 23%
Magic:  7/7        EV:  9    Int: 13    God:    Okawaru [......]
Gold:   285        SH: 10    Dex: 10    Spells: 7/7 levels left

rFire    . . .     SeeInvis .   a - +0 long sword
rCold    . . .     Gourm    .   c - +0 shield
rNeg     . . .     Faith    .   b - +0 scale mail
rPois    .         Spirit   .   (helmet restricted)
rElec    .         Reflect  .   r - +0 cloak
rCorr    .         Harm     .   (no gloves)
MR       .....                  (no boots)
Stlth    ..........             (no amulet)
Regen    0.3/turn               e - +3 ring of intelligence (curse)
MPRegen  0.1/turn               m - ring of wizardry

@: brilliant
A: retaliatory headbutt, horns 2
a: Renounce Religion


You were on level 5 of the Dungeon.
You worshipped Okawaru.
Okawaru was noncommittal.
You were hungry.

You visited 1 branch of the dungeon, and saw 5 of its levels.

You collected 285 gold pieces.

Inventory:

Hand Weapons
 a - a +0 long sword (weapon)
Armour
 b - a +0 scale mail (worn)
 c - a +0 shield (worn)
 r - a +0 cloak (worn)
Jewellery
 e - a cursed +3 ring of intelligence (left hand)
 j - an uncursed ring of magical power
 m - a ring of wizardry (right hand)
Wands
 t - a wand of enslavement (16/24)
 y - a wand of scattershot (7/9)
Scrolls
 g - 5 scrolls of teleportation {unknown}
 h - 3 scrolls of fear {unknown}
 l - 5 scrolls of identify {unknown}
 n - 2 scrolls of amnesia {unknown}
 o - 3 scrolls of remove curse {unknown}
 u - a scroll of recharging {unknown}
 v - 2 scrolls of magic mapping {unknown}
Potions
 i - 2 potions of invisibility {unknown}
 k - 2 potions of heal wounds {unknown}
 q - 2 potions of brilliance
 w - 2 potions of flight {unknown}
 x - a potion of haste {unknown}
 z - a potion of agility {unknown}
Books
 s - a book of Maledictions

   Spells                             Type                      Level
   a - Corona                         Hexes                        1
   b - Ensorcelled Hibernation        Hexes/Ice                    2
   c - Confuse                        Hexes                        3
   d - Tukima's Dance                 Hexes                        3
   e - Dazzling Spray                 Conjuration/Hexes            3
Comestibles
 f - 5 bread rations
 p - a royal jelly


   Skills:
 + Level 5.2 Fighting
 + Level 6.9 Long Blades
 + Level 6.6 Armour
 + Level 3.4 Dodging
 + Level 0.8 Stealth
 + Level 6.7 Shields


You had 7 spell levels left.
You didn't know any spells.

Dungeon Overview and Level Annotations

Branches:
Dungeon (5/15)             Temple (0/1) D:5

Altars:
Ashenzari
Kikubaaqudgha
Nemelex Xobeh
Okawaru
Sif Muna

Shops:
D:5 (


Innate Abilities, Weirdness & Mutations

You reflexively headbutt those who attack you in melee.
You have a pair of horns on your head.


Message History

You hit the sky beast but do no damage. The sky beast closely misses you.
You riposte.
You miss the sky beast. You closely miss the sky beast.
The sky beast flickers out of sight!
Deactivating autopickup; reactivate with Ctrl-A.
Something hits you but does no damage.
You hit something but do no damage. Something hits you but does no damage.
Your shield prevents you from hitting something.
Something hits you but does no damage.
You hit something. Your headbutt misses something. Something hits you.
* * * LOW HITPOINT WARNING * * *
Something shocks you.
* * * LOW HITPOINT WARNING * * *
You barely miss something. Something hits you but does no damage.
You slash something! You headbutt something.
Something hits you but does no damage.
You miss something. Your headbutt misses something.
Something hits you but does no damage. Something hits you.
* * * LOW HITPOINT WARNING * * *
Something shocks you.
You die...

.............>...............#
........)..................(.#
...........................(##
..........#####.............#
........### ##...........(#
.......## #...####....(#
......## #..## ##...(##
....### ##{.# #.....#### .####
#.@## ###.)).... #..# ##..####
##..# ##..## #..## #....#
##..# ##....# #...# ##..#..# .
###...### ##..###.##
..###.......####..##....#
.................##..##.##


There were no monsters in sight!

Vanquished Creatures
  The ghost of murphy the Chopper, an amateur DDFi (D:4)
  A water moccasin (D:5)
  An ice beast (D:5)
  3 ogres
  2 centaurs (D:5)
  2 scorpions
  A crimson imp (D:5)
  A bullfrog zombie (D:5)
  2 jellies (D:5)
  A centaur skeleton (D:5)
  An orc wizard (D:4)
  An iguana (D:5)
  A worker ant (D:3)
  5 adders
  A shadow imp (D:5)
  An ooze (D:4)
  An adder zombie (D:5)
  A worm (D:4)
  A dart slug (D:2)
  A leopard gecko (D:2)
  6 orcs
  3 ball pythons
  5 bats
  2 giant cockroaches
  6 goblins
  4 hobgoblins
  5 jackals (D:3)
  2 quokkas
  2 frilled lizards
  5 kobolds
  6 rats
75 creatures vanquished.

Notes
Turn   | Place    | Note
-------+----------+-------------------------------------------
     0 | D:1      | galech the Minotaur Fighter began the quest for the Orb.
     0 | D:1      | Reached XP level 1. HP: 19/19 MP: 0/0
   289 | D:1      | You fall through a shaft!
   325 | D:2      | Reached XP level 2. HP: 26/27 MP: 1/1
   900 | D:2      | Reached XP level 3. HP: 33/33 MP: 2/2
  1570 | D:3      | Reached XP level 4. HP: 40/40 MP: 3/3
  1932 | D:4      | Noticed an ogre
  1938 | D:4      | Killed an ogre
  1938 | D:4      | Reached skill level 1 in Dodging
  1938 | D:4      | Reached skill level 5 in Shields
  1938 | D:4      | Reached XP level 5. HP: 46/46 MP: 4/4
  1957 | D:4      | Noticed murphy's ghost (amateur DDFi)
  2343 | D:4      | Killed murphy's ghost
  2343 | D:4      | Reached skill level 5 in Armour
  2343 | D:4      | Reached XP level 6. HP: 30/52 MP: 5/5
  2541 | D:4      | Reached skill level 5 in Long Blades
  2791 | D:4      | Found a deep blue altar of Sif Muna.
  2951 | D:5      | Entered Level 5 of the Dungeon
  2958 | D:5      | Reached XP level 7. HP: 14/60 MP: 6/6
  3329 | D:5      | Reached skill level 5 in Fighting
  3659 | D:5      | Found a shattered altar of Ashenzari.
  3659 | D:5      | Found an iron altar of Okawaru.
  3659 | D:5      | Found an ancient bone altar of Kikubaaqudgha.
  3659 | D:5      | Found a sparkling altar of Nemelex Xobeh.
  3667 | D:5      | Became a worshipper of Warmaster Okawaru
  3989 | D:5      | Found Nyinif's Antique Weapon Boutique.
  4047 | D:5      | Reached XP level 8. HP: 62/68 MP: 7/7
  4095 | D:5      | Found a staircase to the Ecumenical Temple.
  4165 | D:5      | HP: 2/68 [something (3)]
  4165 | D:5      | Slain by a sky beast

Skill      XL: |  1  2  3  4  5  6  7 |
---------------+----------------------+-----
Shields        | 4 5 6 |  6.7
Armour         | 4 5 6 |  6.6
Fighting       | 4 5 |  5.2
Long Blades    | 3 4 5 6 |  6.9
Dodging        | 1 2 3 |  3.4
Stealth        | |  0.8

Action                   |  1- 3 |  4- 6 |  7- 9 || total
-------------------------+-------+-------+-------++-------
Melee: Long sword        |    92 |    73 |    73 ||   238
       Headbutt          |    11 |    13 |    16 ||    40
  Use: Potion            |       |     1 |     2 ||     3
  Eat: Chunk             |     2 |     4 |     4 ||    10
Armor: Scale mail        |    49 |    18 |    21 ||    88
Dodge: Dodged            |    34 |    27 |    30 ||    91
Block: Shield            |    49 |    44 |    48 ||   141
       Rpst.: Long sword |     9 |     5 |    10 ||    24
